 Dungeon Crawl Stone Soup version 0.19.1 (webtiles) character file.

539 ChaseSP the Chopper (level 7, -11/52 HPs)
             Began as a Formicid Fighter on Nov 25, 2016.
             Mangled by an ogre
             ... wielding a +0 giant club
              (18 damage)
             ... on level 4 of the Dungeon.
             The game lasted 00:06:50 (3137 turns).

ChaseSP the Chopper (Formicid Fighter)              Turns: 3137, Time: 00:06:51

Health: -11/52     AC: 10    Str: 20    XL:     7   Next: 51%
Magic:  7/7        EV:  5    Int:  9    God:
Gold:   149        SH:  9    Dex: 11    Spells: 0 memorised, 6 levels left

rFire  . . .     SeeInvis +     a - +0 war axe
rCold  . . .     Gourm    .     g - +0 chain mail (curse)
rNeg   . . .     Faith    .     c - +0 shield
rPois  .         Spirit   .     (helmet unavailable)
rElec  .         Reflect  .     (no cloak)
rCorr  +         Harm     .     o - +0 pair of gloves
MR     .....                    (no boots)
Stlth  ..........               (no amulet)
                                (no ring)
                                t - ring of resist corrosion

@: no status effects
A: permanent stasis, dig shafts and tunnels, four strong arms, antennae 3
a: Dig, Shaft Self


You were on level 4 of the Dungeon.
You were not hungry.

You visited 1 branch of the dungeon, and saw 4 of its levels.

You collected 149 gold pieces.

Inventory:

Hand Weapons
 a - a +0 war axe (weapon)
 y - a +0 flail
Armour
 b - a +0 scale mail
 c - a +0 shield (worn)
 g - a cursed +0 chain mail (worn)
 m - a +0 plate armour
 o - a +0 pair of gloves (worn)
Jewellery
 t - a ring of resist corrosion (left hand)
 v - an uncursed amulet of faith {unknown}
Scrolls
 d - a scroll of blinking {unknown}
 i - a scroll of recharging {unknown}
 k - a scroll of identify
 l - 3 scrolls of teleportation {unknown}
 n - a scroll of random uselessness {unknown}
 p - a scroll of remove curse {unknown}
 s - 2 scrolls of enchant weapon {unknown}
 u - a scroll of fog {unknown}
Potions
 e - a potion of resistance {unknown}
 h - a potion of cure mutation {unknown}
 j - 3 potions of curing {unknown}
 r - a potion of cancellation {unknown}
 x - a potion of heal wounds {unknown}
Comestibles
 f - 2 bread rations
 q - 4 beef jerkies
 w - a meat ration
 z - 11 chunks of flesh


   Skills:
 - Level 3.2 Fighting
 + Level 7.8 Axes
 - Level 3.2 Armour
 - Level 3.6 Shields


You had 6 spell levels left.
You didn't know any spells.

Dungeon Overview and Level Annotations

Branches:
Dungeon (4/15)
 Temple: D:4-7

Altars:
Nemelex Xobeh
Ru
Vehumet


Innate Abilities, Weirdness & Mutations

You are under a permanent stasis effect.
You can dig through walls and to a lower floor.
Your four strong arms can wield two-handed weapons with a shield.
You have a pair of large antennae on your head. (SInv)


Message History

The ogre shouts!
You closely miss the ogre. The ogre hits you with a giant club!
You slash the ogre!
The ogre is moderately wounded.
The ogre hits you with a giant club!
* * * LOW HITPOINT WARNING * * *
Your shield and chain mail prevent you from hitting the ogre.
The ogre is moderately wounded.
Your chain mail prevents you from hitting the ogre.
The ogre is moderately wounded.
The ogre hits you with a giant club!
* * * LOW HITPOINT WARNING * * *
You are too injured to fight recklessly!
You are too injured to fight recklessly!
Unknown command.
Are you sure you want to shaft yourself?
You feel quite a bit more hungry. You block the ogre's attack.
You begin to dig a shaft.
You continue digging a shaft.
The ogre hits you with a giant club!!
You die...

.###..#.##..###
...'...♣.#..'.#
##.'.^#.♣...'.#
####..##.#..#.#
#####......##.#
##.###....##..######
..#..######........#
.###..# ###>##.#.# ##
##.# #.##@#.####
.###..# #.##.O....#
#.#...#
#.####.##.####
......# #.# #!......#
##.#..#####
#.......#.##.#
...............####.#
# ......#...... ...
##.####..... #.#.
.....# .... { #.#.


You could see an ogre.

Vanquished Creatures
  A phantom (D:4)
  An ogre (D:4)
  A jelly (D:4)
  2 orc priests (D:3)
  6 orc wizards
  A worker ant (D:4)
  2 adders (D:3)
  2 dart slugs
  4 leopard geckos
  11 orcs
  2 ball pythons
  A giant cockroach (D:3)
  5 goblins
  6 hobgoblins
  6 bats
  2 frilled lizards
  10 kobolds
  11 rats
74 creatures vanquished.

Notes
Turn   | Place    | Note
-------+----------+-------------------------------------------
     0 | D:1      | ChaseSP the Formicid Fighter began the quest for the Orb.
     0 | D:1      | Reached XP level 1. HP: 18/18 MP: 1/1
   119 | D:1      | Reached XP level 2. HP: 24/24 MP: 2/2
   227 | D:1      | Reached skill level 3 in Axes
   728 | D:1      | Reached XP level 3. HP: 27/29 MP: 3/3
   784 | D:2      | Found a radiant altar of Vehumet.
  1243 | D:2      | Found a sacrificial altar of Ru.
  1676 | D:3      | Reached skill level 4 in Axes
  1676 | D:3      | Reached XP level 4. HP: 25/35 MP: 4/4
  1691 | D:3      | Reached XP level 5. HP: 20/41 MP: 5/5
  1945 | D:3      | Found a sparkling altar of Nemelex Xobeh.
  2009 | D:3      | Reached skill level 5 in Axes
  2302 | D:3      | Reached XP level 6. HP: 24/47 MP: 6/6
  2682 | D:3      | Reached skill level 6 in Axes
  2953 | D:4      | Noticed an ogre
  2955 | D:4      | Noticed a phantom
  2957 | D:4      | Killed an ogre
  2973 | D:4      | Killed a phantom
  2973 | D:4      | Reached skill level 7 in Axes
  2973 | D:4      | Reached XP level 7. HP: 46/52 MP: 7/7
  3137 | D:4      | Mangled by an ogre

Skill      XL: |  1  2  3  4  5  6 |
---------------+-------------------+-----
Axes           | 3 4 5 7 |  7.8
Fighting       | |  3.2
Armour         | |  3.2
Shields        | |  3.6

Action                   |  1- 3 |  4- 6 |  7- 9 || total
-------------------------+-------+-------+-------++-------
Melee: War axe           |   140 |   134 |    27 ||   301
 Abil: Dig               |     1 |       |       ||     1
       Shaft Self        |       |       |     1 ||     1
  Use: Scroll            |     1 |       |       ||     1
       Potion            |       |     1 |       ||     1
  Eat: Chunk             |     2 |     5 |     1 ||     8
Armor: Scale mail        |    14 |       |       ||    14
       Chain mail        |    66 |    70 |    13 ||   149
Dodge: Dodged            |    36 |    27 |     4 ||    67
Block: Shield            |    90 |    69 |    11 ||   170
